 Dungeon Crawl Stone Soup version 0.26-a0-651-gb41185065b (webtiles) character file.

Game seed: 3121477343672241336

7688 Lavandula the Basher (level 11, -1/68 HPs)
             Began as a Human Venom Mage on Sept 29, 2020.
             Was a Believer of Kikubaaqudgha.
             Slain by a warg (8 damage)
             ... on level 1 of the Orcish Mines on Sept 30, 2020.
             The game lasted 00:42:38 (12371 turns).

Lavandula the Basher (Human Venom Mage)            Turns: 12371, Time: 00:42:38

Health: -1/68      AC:  8    Str:  9    XL:     11   Next: 41%
Magic:  3/24       EV: 12    Int: 18    God:    Kikubaaqudgha [**....]
Gold:   491        SH:  0    Dex: 14    Spells: 6/28 levels left

rFire    + . .     SeeInvis .   f - +0 whip
rCold    + . .     Faith    .   (no shield)
rNeg     . . .     Spirit   .   A - +2 robe {rC+ rF+}
rPois    .         Reflect  .   b - +0 helmet
rElec    .         Harm     .   (no cloak)
rCorr    .         Rampage  .   r - +0 pair of gloves
MR       +....                  w - +1 pair of boots
Stlth    ++........             e - amulet of regeneration
HPRegen  0.61/turn              m - ring of protection from magic
MPRegen  0.19/turn              (no ring)

@: very slightly contaminated
A: no striking features
a: Receive Corpses, Renounce Religion


You were on level 1 of the Orcish Mines.
You worshipped Kikubaaqudgha.
Kikubaaqudgha was pleased with you.
You visited 3 branches of the dungeon, and saw 12 of its levels.
You also visited: Sewer.

You collected 491 gold pieces.

Inventory:

Hand Weapons
 f - a +0 whip (weapon)
Armour
 b - a +0 helmet (worn)
 r - a +0 pair of gloves (worn)
 w - a +1 pair of boots (worn)
 A - a +2 robe of resistance (worn)
Magical Staves
 D - an uncursed staff of cold {unknown}
Jewellery
 a - an uncursed ring of ice
 e - an amulet of regeneration (around neck)
 m - a ring of protection from magic (left hand)
 C - an uncursed ring of ice
Wands
 n - a wand of flame (22)
Scrolls
 h - 3 scrolls of blinking
 k - 5 scrolls of remove curse
 l - 2 scrolls of amnesia
 p - 3 scrolls of teleportation
 q - 2 scrolls of magic mapping
 s - 3 scrolls of fog
 u - 2 scrolls of enchant weapon {unknown}
 v - 2 scrolls of random uselessness
 y - a scroll of fear {unknown}
Potions
 c - 4 potions of brilliance
 d - a potion of heal wounds
 g - a potion of ambrosia
 i - 2 potions of lignification
 j - 3 potions of curing
 o - a potion of berserk rage {unknown}
 t - 3 potions of haste
 x - a potion of might
 z - a potion of invisibility {unknown}
 B - a potion of mutation {unknown}
 F - a potion of stabbing {unknown}


   Skills:
 - Level 0.3 Fighting
 - Level 9.7 Maces & Flails
 - Level 2.0 Dodging
 - Level 2.0 Stealth
 - Level 9.0 Spellcasting
 - Level 3.2 Summonings
 - Level 1.0 Transmutations
 + Level 5.5 Ice Magic
 - Level 3.5 Air Magic
 - Level 7.2 Poison Magic


You had 6 spell levels left.
You knew the following spells:

 Your Spells              Type           Power        Failure   Level
a - Sting                 Tmut/Pois      ###.         1%          1
b - Poisonous Vapours     Pois/Air       ####..       1%          2
c - Mephitic Cloud        Conj/Pois/Air  ###.....     6%          3
d - Ignite Poison         Fire/Tmut/Pois ###.....     9%          3
e - Olgreb's Toxic Radia  Pois           ####....     4%          4
f - Summon Lightning Spi  Summ/Air       ###.....     22%         4
g - Apportation           Tloc           #.....       9%          1
h - Summon Ice Beast      Ice/Summ       ###.....     14%         4

Your spell library contained the following spells:

 Spells                   Type           Power        Failure   Level
 Summon Small Mammal      Summ           ###.         2%          1
 Call Imp                 Summ           ###.....     3%          2
 Spider Form              Tmut/Pois      ###.......   4%          3
 Beastly Appendage        Tmut           ##....       6%          1
 Call Canine Familiar     Summ           ###.....     7%          3
 Animate Skeleton         Necr           #.....       9%          1
 Corona                   Hex            #......      9%          1
 Pain                     Necr           #...         9%          1
 Wereblood                Tmut           ##......     9%          2
 Sublimation of Blood     Necr           #.........   13%         2
 Summon Guardian Golem    Hex/Summ       ##......     14%         3
 Ice Form                 Ice/Tmut       ###.....     22%         4
 Vampiric Draining        Necr           #.........   26%         3
 Blade Hands              Tmut           ##........   85%         5


Dungeon Overview and Level Annotations

Branches:
Dungeon (10/15)            Temple (1/1) D:7             Orc (1/2) D:9
  Sewer (visited)
   Lair: D:8-11

Altars:
Dithmenos
Elyvilon
Fedhas
Gozag
Kikubaaqudgha
Makhleb
Qazlal
Sif Muna
Trog
Uskayaw
Wu Jian
The Shining One

Shops:
D:5 (

Portals:
Abyss: D:9

Annotations:
D:4 Blork the orc
D:9 2 transporters, exclusion: upstairs, drag's ghost, novice MiBe
Orc:1 1 transporter, KennyOmg's ghost, journeyman MiBe


Message History

The warg barely misses your ice beast.
Your ice beast misses the warg.
The warg bites you.
Unknown command.
You hit the warg.
The warg is severely wounded.
The warg closely misses your ice beast.
Unknown command.
You hit the warg.
The warg is severely wounded.
The warg bites you!
* * * LOW HITPOINT WARNING * * *
Your ice beast completely misses the warg.
The warg barely misses your ice beast.
The wolf pauses to sniff the ground.
Unknown command.
You swap places.
The warg bites you!
* * * LOW HITPOINT WARNING * * *
The warg bites you!
You die...
Kikubaaqudgha rasps: "You have failed me!
Welcome... death!" ### ##.## ### #...##### #.### ###.....#Y## ..#.# #......†@h^# ..^.# ##...####h### ....####....# .hhh

.....#......#...h..
............#.......
#...........#≈≈≈≈≈≈≈#
##........###≈≈≈≈≈≈≈#
##..........#########
.#.........##


You could see 4 wargs, 2 wolves and a friendly ice beast (summoned).

Vanquished Creatures
  Erica (D:8)
  A deep elf mage (D:9)
  Psyche (D:8)
  A troll (D:9)
  Grinder (D:4)
  A hippogriff (D:9)
  2 shadows (D:9)
  A wyvern (D:10)
  Eustachio (D:4)
  A warg (Orc:1)
  3 black bears
  2 phantoms (D:9)
  3 orc warriors
  2 ice beasts (D:8)
  2 sky beasts
  An eye of draining (D:9)
  4 centaurs
  11 ogres
  A crocodile (D:9)
  A big kobold (D:10)
  5 bullfrogs
  A gnoll sergeant (D:7)
  A wyvern zombie (D:7)
  A wyvern skeleton (D:7)
  A scorpion (D:6)
  2 troll zombies (D:9)
  6 killer bees (D:7)
  A centaur zombie (D:5)
  A bullfrog skeleton (D:8)
  A bullfrog zombie (D:6)
  4 hounds
  2 jellies
  8 orc wizards
  5 orc priests
  2 centaur skeletons (D:5)
  4 iguanas
  5 worker ants
  4 ogre zombies (D:9)
  2 hound skeletons
  Robin (D:3)
  6 gnolls
  2 river rats (D:3)
  15 adders
  A shadow imp (D:7)
  2 white imps
  2 ufetubi
  11 oozes
  3 adder skeletons
  3 adder zombies
  A worm (D:3)
  A dart slug (D:1)
  8 leopard geckos
  33 orcs
  11 giant cockroaches
  16 goblins
  10 hobgoblins
  14 jackals
  11 kobolds
  5 quokkas
  9 ball pythons (Sewer)
  5 bats
  16 frilled lizards
  3 goblin skeletons (D:9)
  2 goblin zombies (D:9)
  A hobgoblin skeleton (D:9)
  A jackal skeleton (D:6)
  2 leopard gecko skeletons (D:5)
  A leopard gecko zombie (D:6)
  4 orc skeletons (D:9)
  8 orc zombies (D:9)
  6 rats
311 creatures vanquished.

Vanquished Creatures (collateral kills)
  A warg (Orc:1)
  An orc wizard (D:9)
  An orc (D:9)
3 creatures vanquished.

Grand Total: 314 creatures vanquished

Notes
Turn   | Place    | Note
-------+----------+-------------------------------------------
     0 | D:1      | Lavandula the Human Venom Mage began the quest for the Orb.
     0 | D:1      | Reached XP level 1. HP: 13/13 MP: 3/3
   161 | D:1      | Reached XP level 2. HP: 15/19 MP: 0/5
   165 | D:1      | Learned a level 2 spell: Poisonous Vapours
   560 | D:1      | Reached XP level 3. HP: 11/24 MP: 5/7
   565 | D:1      | Learned a level 3 spell: Mephitic Cloud
  1057 | D:2      | Found a hide-covered altar of Uskayaw.
  1423 | D:2      | Found a bloodstained altar of Trog.
  1473 | D:2      | Reached XP level 4. HP: 22/30 MP: 3/8
  1496 | D:2      | Learned a level 3 spell: Ignite Poison
  2219 | D:3      | Noticed Robin
  2247 | D:3      | Reached XP level 5. HP: 9/35 MP: 4/10
  2360 | D:3      | Found a glowing drain.
  2364 | Sewer    | Entered a sewer
  2898 | Sewer    | Learned a level 4 spell: Olgreb's Toxic Radiance
  3243 | Sewer    | Reached XP level 6. HP: 29/41 MP: 8/12
  3386 | Sewer    | Reached skill level 5 in Poison Magic
  3678 | D:3      | Killed Robin
  3690 | D:3      | Reached XP level 7. HP: 42/46 MP: 0/13
  3998 | D:3      | Found a burning altar of Makhleb.
  4027 | D:4      | Noticed Grinder
  4169 | D:4      | Noticed Blork the orc
  4465 | D:4      | Killed Grinder
  4652 | D:4      | Reached XP level 8. HP: 44/52 MP: 2/15
  4653 | D:4      | Reached skill level 5 in Spellcasting
  4672 | D:4      | Noticed Eustachio
  4739 | D:4      | Killed Eustachio
  5006 | D:5      | Entered Level 5 of the Dungeon
  5795 | D:5      | Found Nilauc's Antique Weapon Boutique.
  5809 | D:5      | Reached XP level 9. HP: 31/57 MP: 20/20
  5929 | D:5      | Found a glowing golden altar of the Shining One.
  5929 | D:5      | Found a blossoming altar of Fedhas.
  6880 | D:6      | Reached skill level 1 in Maces & Flails
  7587 | D:7      | Found a staircase to the Ecumenical Temple.
  7652 | Temple   | Entered the Ecumenical Temple
  7674 | Temple   | Became a worshipper of Kikubaaqudgha
  7951 | D:7      | Found an ornate altar of the Wu Jian Council.
  7952 | D:7      | Found a stormy altar of Qazlal.
  8005 | D:7      | Reached skill level 5 in Maces & Flails
  8007 | D:7      | Reached XP level 10. HP: 45/63 MP: 15/23
  8985 | D:8      | Noticed Erica
  8993 | D:8      | Reached * piety under Kikubaaqudgha
  8993 | D:8      | Identified Kikubaaqudgha's Handbook of Black Rites
                  | (Kikubaaqudgha gifted it to you on level 8 of the Dungeon)
  8993 | D:8      | Received a gift from Kikubaaqudgha
  8997 | D:8      | Noticed Psyche
  9012 | D:8      | Killed Erica
  9319 | D:8      | Killed Psyche
  9430 | D:8      | Learned a level 1 spell: Apportation
  9435 | D:8      | Learned a level 4 spell: Summon Lightning Spire
  9937 | D:9      | Noticed a nameless horror
  9984 | D:9      | Noticed a deep elf mage
  9991 | D:9      | Reached skill level 1 in Air Magic
  9991 | D:9      | Killed a deep elf mage
 10053 | D:9      | Reached XP level 11. HP: 68/68 MP: 7/24
 10228 | D:7      | Reached skill level 1 in Summonings
 10287 | D:7      | Found an opulent altar of Gozag.
 10620 | D:9      | Learned a level 4 spell: Summon Ice Beast
 10797 | D:9      | Found a staircase to the Orcish Mines.
 10871 | D:9      | Reached ** piety under Kikubaaqudgha
 10908 | D:9      | Reached skill level 1 in Ice Magic
 11104 | D:9      | Found a transporter.
 11104 | D:9      | Noticed a toenail golem
 11104 | D:9      | Noticed a rakshasa
 11110 | D:9      | Found a transporter.
 11263 | D:9      | Identified the +10 flail of Hepp {distort, Dex+2}
 11263 | D:9      | Noticed a skeletal warrior
 11264 | D:9      | Found a one-way gate to the infinite horrors of the Abyss.
 11264 | D:9      | Noticed drag's ghost (novice MiBe)
 11473 | D:10     | Entered Level 10 of the Dungeon
 12109 | D:9      | Reached skill level 5 in Ice Magic
 12222 | D:10     | Noticed a green ugly thing
 12277 | Orc:1    | Entered Level 1 of the Orcish Mines
 12277 | Orc:1    | Found a transporter.
 12331 | Orc:1    | Noticed a two-headed ogre
 12331 | Orc:1    | Noticed a moth of wrath
 12336 | Orc:1    | Noticed KennyOmg's ghost (journeyman MiBe)
 12371 | Orc:1    | Slain by a warg

Illustrated notes

Levels and vault maps discovered:
D:1:      dpeg_arrival_water_fire, layout_loops_ring
D:2:      minmay_chambers_of_ones, layout_loops_ring,
          eat_drink_and_be_merry_uskayaw, trog_butcher_becter
D:3:      layout_rooms, lemuel_doored_altar, lightli_sewer_entry_pipes,
          uniq_robin
D:4:      layout_loops_ring, uniq_eustachio, uniq_blork_the_orc, uniq_grinder
D:5:      layout_basic, gammafunk_temple_overflow_elements, serial_shops, shop,
          minmay_between
D:6:      layout_loops_ring, lightli_minifort
D:7:      layout_loops_ring, gammafunk_temple_overflow_pools,
          minmay_temple_entry_drinking_statues, lemuel_centaur_altar
D:8:      lemuel_ice_spiral_2, layout_basic, uniq_psyche, uniq_erica
D:9:      layout_loops_ring, zombieorc1_lemuel, gammafunk_ghost_abyssal_escape,
          minmay_checkerbox
D:10:     layout_cave_pools, minmay_radiant
Temple:   regret_index_temple_sphere_string
Orc:1:    layout_diamond_mine, gammafunk_ghost_wrathful_warriors, mines5_lemuel

Skill      XL: |  1  2  3  4  5  6  7  8  9 10 11 |
---------------+----------------------------------+-----
Spellcasting   | 3 4 7 9 |  9.0
Poison Magic   | 4 5 7 |  7.2
Maces & Flails | 5 9 |  9.7
Air Magic      | 3 |  3.5
Summonings     | 3 |  3.2
Ice Magic      | 5 |  5.5
Fighting       | |  0.3
Dodging        | |  2.0
Stealth        | |  2.0
Transmutations | |  1.0

Action                   |  1- 3 |  4- 6 |  7- 9 | 10-12 || total
-------------------------+-------+-------+-------+-------++-------
Melee: Unarmed           |     9 |       |       |       ||     9
       Whip              |    32 |    80 |   227 |   451 ||   790
 Cast: Sting             |    39 |   106 |    59 |    15 ||   219
       Poisonous Vapours |     2 |    11 |    20 |    25 ||    58
       Olgreb's Toxic Ra |       |     4 |    33 |    46 ||    83
       Mephitic Cloud    |       |       |    12 |    18 ||    30
       Ignite Poison     |       |       |     7 |    14 ||    21
       Summon Ice Beast  |       |       |       |     4 ||     4
  Use: Scroll            |       |     6 |     5 |     4 ||    15
       Potion            |       |     2 |     1 |     1 ||     4
 Stab: Sleeping          |     1 |     3 |     4 |     4 ||    12
       Distracted        |       |       |     1 |       ||     1
       Confused          |       |       |       |     1 ||     1
Armor: Robe              |     9 |    21 |    76 |   106 ||   212
       Skin              |       |    27 |       |       ||    27
Dodge: Dodged            |    37 |   111 |   169 |   222 ||   539

Table legend: (Time is in decaauts)
 A = Elapsed time spent in this place.
 B = Non-inter-level travel time spent in this place.
 C = Inter-level travel time spent in this place.
 D = Time resting spent in this place.
 E = Time spent auto-exploring this place.
 F = Levels seen in this place.
 G = Mean time per level.
                   A        B        C        D        E       F      G
               +--------+--------+--------+--------+--------+-----+--------+
         Total |  12351 |  11909 |    442 |   1657 |   6855 |  13 |  950.1 |
       Dungeon |  10866 |  10435 |    431 |   1025 |   6443 |  10 | 1086.6 |
        Temple |     32 |     22 |     10 |      0 |     15 |   1 |   32.0 |
  Orcish Mines |     91 |     91 |      0 |     31 |     40 |   1 |   91.0 |
         Sewer |   1361 |   1361 |      0 |    601 |    357 |   1 | 1361.0 |
               +--------+--------+--------+--------+--------+-----+--------+

Top non-repeatable levels by time:
     D:8: 1901 daAuts
     D:9: 1716 daAuts
   Sewer: 1361 daAuts
     D:5: 1220 daAuts
     D:6: 1113 daAuts
     D:2: 1111 daAuts
     D:7: 1098 daAuts
     D:1: 1057 daAuts
     D:4: 818 daAuts
     D:3: 780 daAuts
   Orc:1: 91 daAuts
    D:10: 48 daAuts
  Temple: 32 daAuts
